 Dungeon Crawl Stone Soup version 0.30.0-10-gfe55d96785 (webtiles) character file.

Game seed: 2300687464554205420

51207 Foic the Eclecticist (level 14, -1/63 HPs)
             Began as a Deep Elf Summoner on May 13, 2023.
             Was the Champion of Hepliaklqana.
             Slain by a sixfirhy (11 damage)
             ... summoned by an orc high priest
             ... on level 2 of the Orcish Mines on May 14, 2023.
             The game lasted 03:30:53 (20689 turns).

Foic the Eclecticist (Deep Elf Summoner)           Turns: 20689, Time: 03:30:55

Health: -1/63      AC:  8    Str:  5    XL:     14   Next: 22%
Magic:  25/40      EV: 14    Int: 32    God:    Hepliaklqana [******]
Gold:   721        SH:  0    Dex: 15    Spells: 18/54 levels left

rFire   . . .        F - staff of conjuration
rCold   . . .        (no shield)
rNeg    + . .        Y - +1 troll leather armour
rPois   +            f - +0 helmet
rElec   .            y - +0 cloak
rCorr   .            (no gloves)
SInv    .            J - +0 pair of boots
Will    +....        V - amulet of magic regeneration
Stlth   ++           j - +6 ring of intelligence
HPRegen 1.10/turn    w - ring "Maesmolu" {Wiz rPois rN+}
MPRegen 0.67/turn

%: wizardry (x1)
@: no status effects
A: reduced essence
a: Renounce Religion, Recall Ancestor, Ancestor Identity, Transference, Idealise


You were on level 2 of the Orcish Mines.
You worshipped Hepliaklqana.
Hepliaklqana was exalted by your worship.
You visited 4 branches of the dungeon, and saw 19 of its levels.
You also visited: Bailey.

You collected 1771 gold pieces.
You spent 1050 gold pieces at shops.

Inventory:

Hand Weapons
 a - a +1 short sword of venom
 t - the +3 quarterstaff of Kuguxea {flame, Str+6 Int+3}
   (You found it on level 3 of the Dungeon)

   Str:       It affects your strength (+6).
   Int:       It affects your intelligence (+3).
 x - the +7 staff of the Meek {protect, meekguard}
   (You found it on level 2 of the Lair of Beasts)
 C - the +7 captain's cutlass {speed, disarm}
   (You found it on level 4 of the Dungeon)
 L - a +0 shortbow
Missiles
 c - 12 boomerangs (quivered)
 K - 24 poisoned darts
 N - a throwing net
Armour
 f - a +0 helmet (worn)
 h - +0 steam dragon scales
 y - a +0 cloak (worn)
 J - a +0 pair of boots (worn)
 Y - a +1 troll leather armour (worn)
Magical Staves
 D - a staff of air
 F - a staff of conjuration (weapon)
Jewellery
 e - a ring of protection from cold
 j - a +6 ring of intelligence (left hand)
 o - a ring of positive energy
 w - the ring "Maesmolu" (right hand) {Wiz rPois rN+}
   (You bought it in a shop on level 2 of the Dungeon)

   [ring of wizardry]

   It improves your spell success rate.
   rPois:     It protects you from poison.
   rN:        It protects you from negative energy.
 z - an amulet of reflection
 V - an amulet of magic regeneration (around neck)
Wands
 b - a wand of paralysis (9)
 O - a wand of mindburst (20)
 P - a wand of iceblast (13)
 S - a wand of flame (29)
Scrolls
 i - 6 scrolls of identify
 k - 9 scrolls of teleportation
 q - a scroll of enchant armour
 u - 2 scrolls of fear
 v - a scroll of poison
 B - a scroll of silence
 E - 4 scrolls of blinking
 I - 3 scrolls of enchant weapon
 M - 3 scrolls of brand weapon
 U - a scroll of fog
 W - a scroll of magic mapping
Potions
 d - 2 potions of attraction {unknown}
 g - 4 potions of magic
 l - 7 potions of might
 m - 3 potions of resistance {unknown}
 n - 5 potions of cancellation {unknown}
 p - 3 potions of invisibility {unknown}
 r - 8 potions of mutation
 s - 8 potions of curing
 A - 2 potions of heal wounds
 G - 4 potions of haste {unknown}
 H - 2 potions of flight {unknown}
 R - 4 potions of brilliance
 X - a potion of ambrosia {unknown}
Miscellaneous
 Q - a tin of tremorstones (2/2)


   Skills:
 + Level 1.9 Fighting
 + Level 0.6 Short Blades
 + Level 0.2 Staves
 - Level 4.3 Ranged Weapons
 * Level 7.6 Dodging
 - Level 2.4 Stealth
 + Level 0.1 Shields
 + Level 20.5 Spellcasting
 + Level 0.1 Conjurations
 + Level 2.1 Hexes
 * Level 19.2 Summonings
 + Level 1.3 Earth Magic


You had 18 spell levels left.
You knew the following spells:

 Your Spells              Type           Power      Damage    Failure   Level
a - Summon Small Mammal   Summ           100%       N/A       0%          1
b - Call Imp              Summ           100%       N/A       0%          2
c - Call Canine Familiar  Summ           100%       N/A       0%          3
d - Summon Guardian Gole  Hex/Summ       79%        N/A       1%          3
e - Summon Lightning Spi  Summ/Air       76%        N/A       1%          4
f - Animate Armour        Summ/Erth      100%       N/A       1%          4
g - Summon Cactus Giant   Summ           51%        N/A       1%          6
h - Iskenderun's Mystic   Conj/Tloc      50%        2d11      6%          4
i - Dragon's Call         Summ           51%        N/A       26%         9

Your spell library contained the following spells:

 Spells                   Type           Power      Damage    Failure   Level
 Magic Dart               Conj           100%       1d8       1%          1
 Momentum Strike          Conj/Tloc      100%       3d10      1%          2
 Poisonous Vapours        Pois/Air       64%        N/A       1%          2
 Scorch                   Fire           64%        2d7       1%          2
 Dazzling Flash           Conj/Hex       100%       N/A       1%          3
 Mephitic Cloud           Conj/Pois/Air  49%        N/A       1%          3
 Portal Projectile        Hex/Tloc       78%        N/A       1%          3
 Volatile Blastmotes      Fire/Tloc      66%        2d15      1%          3
 Cause Fear               Hex            23%        N/A       2%          4
 Leda's Liquefaction      Hex/Erth       22%        N/A       3%          4
 Fulminant Prism          Conj/Hex       28%        3d14      4%          4
 Animate Dead             Necr           32%        N/A       7%          4
 Flame Wave               Conj/Fire      50%        2d12      7%          4
 Silence                  Hex/Air        19%        N/A       12%         5
 Borgnjor's Vile Clutch   Necr/Erth      18%        N/A       16%         5
 Blade Hands              Tmut           16%        N/A       19%         5
 Iron Shot                Conj/Erth      27%        9d6       56%         6
 Starburst                Conj/Fire      25%        6d8       67%         6
 Death Channel            Necr           16%        N/A       69%         6
 Dragon Form              Tmut           16%        N/A       99%         7


Dungeon Overview and Level Annotations

Branches:
Dungeon (11/15)            Temple (1/1) D:4            Lair (5/5) D:9
 Shoals (0/4) Lair:2        Snake (0/4) Lair:3        Slime (0/5) Lair:5
    Orc (2/2) D:11            Elf (0/3) Orc:2        Bailey (visited)

Altars:
Ashenzari
Cheibriados
Dithmenos
Elyvilon
Fedhas
Gozag
Hepliaklqana
Kikubaaqudgha
Makhleb
Nemelex Xobeh
Okawaru
Qazlal
Ru
Sif Muna
Trog
Uskayaw
Vehumet
Wu Jian
Xom
Yredelemnul
Zin
The Shining One

Shops:
D:2 *   D:3 :!   Orc:1 :

Annotations:
D:3 dragon summon 460G
D:10 1 transporter, Ukhluk's ghost, journeyman TrMo
Lair:1 1 runed translucent door, ghwc's ghost, journeyman DsBe
Lair:3 2 transporters, Vorhees's ghost, journeyman MiBe
Orc:1 hexes, conjurations skill books 1300G


Message History

The sixfirhy hits you but does no damage.
Your warg misses the sixfirhy.
Items here: ))) [[[ †.
Your warg bites the sixfirhy.
Your warg completely misses the sixfirhy.
The sixfirhy hits your warg! The sixfirhy shocks your warg!
You see here a +0 flail.
Casting: Animate Armour (safe; 1% risk of failure)
Confirm with . or Enter, or press ? or * to list all spells.
The sixfirhy barely misses you. The sixfirhy misses you.
The sixfirhy closely misses you. The sixfirhy misses you.
Your cactus giant hits the sixfirhy with a +0 giant spiked club!
Your warg misses the sixfirhy. The sixfirhy hits you! The sixfirhy shocks you!
The sixfirhy hits you! The sixfirhy shocks you!
The sixfirhy hits you but does no damage.
Casting: Summon Cactus Giant (safe; 1% risk of failure)
Confirm with . or Enter, or press ? or * to list all spells.
An electric hum fills the air.
The sixfirhy barely misses you. The sixfirhy closely misses you.
The sixfirhy hits you!
* * * LOW HITPOINT WARNING * * *
The sixfirhy shocks you!
* * * LOW HITPOINT WARNING * * *
Your warg misses the sixfirhy.
Your warg barely misses the sixfirhy.
You feel much better.
Your warg completely misses the sixfirhy.
Your cactus giant completely misses the sixfirhy.
The sixfirhy attacks as you move away! The sixfirhy closely misses you.
Your warg bites the sixfirhy!
The sixfirhy closely misses you. The sixfirhy hits you.
The sixfirhy shocks you!
* * * LOW HITPOINT WARNING * * *
Casting: Summon Lightning Spire (safe; 1% risk of failure)
Confirm with . or Enter, or press ? or * to list all spells.
Your animated troll leather armour disappears in a puff of smoke!
The sixfirhy barely misses you. The sixfirhy hits you.
* * * LOW HITPOINT WARNING * * *
The sixfirhy shocks you!
You die...

#.......... #..........
########## ##########<.........
.........## #................#.
..........###.....#.....)..#.#...
#..........#......##..........#.
#........))#.<##.##.......##...#.
.........))))..[...........##...#
........#))..h.3@.#.<.).....#....
.........).§C.........).........#
#.....................)...#.#...#
##....#.........8................
#......#.........................
##.##.####..##.##.##.....#.##..#.
## ### ################### ##


You could see a sixfirhy (summoned, ally target), a friendly cactus giant
(summoned), a friendly animated troll leather armour (summoned), a friendly warg
(summoned) and a friendly lightning spire (summoned).

Vanquished Creatures
  A black mamba (Lair:2)
  A blink frog (Lair:1)
  A giant cockroach (D:1)
  2 goblins
  A quokka (D:1)
  A frilled lizard (D:1)
  3 fire vortices (D:8)
10 creatures vanquished.

Vanquished Creatures (collateral kills)
  Josephine (Lair:3)
  3 hydras
  2 two-headed ogres (D:11)
  A merfolk avatar (Lair:5)
  A catoblepas (Lair:4)
  A boulder beetle (Lair:5)
  Erica (Orc:1)
  6 death yaks
  Urug (Lair:3)
  3 skysharks
  3 sea snakes (Lair:5)
  Maurice (D:9)
  6 elephants
  4 black mambas
  2 torpor snails
  8 cane toads
  2 unseen horrors
  Maggie (D:9)
  A rime drake (Lair:3)
  10 komodo dragons
  4 polar bears (Lair:5)
  3 trolls
  Grinder (D:3)
  A wind drake (Lair:5)
  5 hornets
  3 dream sheep (Lair:3)
  13 blink frogs
  6 slime creatures (D:11)
  3 wyverns
  7 wraiths
  42 yaks
  Eustachio (D:5)
  A shadow (D:10)
  4 fire bats (D:8)
  2 steam dragons
  2 vampire mosquitoes (D:11)
  4 basilisks
  A warg (Orc:1)
  A hell hound (D:8)
  3 acid dragons
  15 water moccasins
  20 orc warriors
  5 black bears
  10 wolves
  8 ogres
  9 centaurs
  10 bullfrogs
  4 kobold brigands (D:11)
  4 gnoll sergeants
  6 scorpions
  10 wights
  3 howler monkeys
  2 lava snakes (D:8)
  Crazy Yiuf (D:3)
  10 hounds
  9 jellies
  8 orc priests
  2 sleepcaps
  3 iguanas
  18 orc wizards
  A knight (Bailey)
  22 gnolls
  9 adders
  A shadow imp (D:6)
  A worm (D:2)
  2 dart slugs (D:2)
  60 orcs
  6 ball pythons
  6 endoplasms
  3 giant cockroaches (D:1)
  13 goblins
  15 hobgoblins
  13 jackals
  19 kobolds
  2 quokkas
  4 bats
  3 frilled lizards
  5 rats
507 creatures vanquished.

Vanquished Creatures (others)
  A two-headed ogre (D:11)
  A blink frog (Lair:1)
  An orc warrior (D:11)
  4 knights
7 creatures vanquished.

Grand Total: 524 creatures vanquished

Notes
Turn   | Place    | Note
-------+----------+-------------------------------------------
     0 | D:1      | Foic the Deep Elf Summoner began the quest for the Orb.
     0 | D:1      | Reached XP level 1. HP: 10/10 MP: 6/6
    85 | D:1      | Reached XP level 2. HP: 15/15 MP: 2/8
   167 | D:1      | Learned a level 2 spell: Call Imp
   325 | D:1      | Reached skill level 5 in Summonings
   636 | D:1      | Reached XP level 3. HP: 19/19 MP: 5/10
   768 | D:2      | Found a faded altar of an unknown god.
   768 | D:2      | Found Jokohuff's General Store.
   781 | D:2      | Learned a level 3 spell: Call Canine Familiar
   993 | D:2      | Reached skill level 4 in Spellcasting
  1123 | D:2      | Noticed a black bear
  1129 | D:2      | Killed a black bear
  1130 | D:2      | Reached skill level 5 in Spellcasting
  1130 | D:2      | Reached XP level 4. HP: 24/24 MP: 10/13
  1130 | D:2      | Reached XP level 5. HP: 28/28 MP: 10/14
  1375 | D:3      | Learned a level 3 spell: Summon Guardian Golem
  1702 | D:3      | Identified the +3 quarterstaff of Kuguxea {flame, Str+6
                  | Int+3}
  1735 | D:3      | Found Tamuygro's Book Emporium.
  1857 | D:3      | Found an iron altar of Okawaru.
  1861 | D:3      | Found a snail-covered altar of Cheibriados.
  1863 | D:3      | Found a sacrificial altar of Ru.
  1880 | D:3      | Found Bueviwum's Distillery.
  1944 | D:3      | Noticed Grinder
  1951 | D:3      | Paralysed by Grinder for 2 turns
  1964 | D:3      | Killed Grinder
  1965 | D:3      | Reached skill level 6 in Spellcasting
  1965 | D:3      | Reached XP level 6. HP: 23/32 MP: 12/17
  2287 | D:3      | Found a runed translucent door.
  2327 | D:3      | Noticed Crazy Yiuf
  2333 | D:3      | Killed Crazy Yiuf
  2490 | D:4      | Reached skill level 7 in Spellcasting
  2527 | D:4      | Found a staircase to the Ecumenical Temple.
  2536 | Temple   | Entered the Ecumenical Temple
  2642 | Temple   | Became a worshipper of Hepliaklqana the Forgotten
  2773 | D:4      | Reached XP level 7. HP: 36/36 MP: 17/19
  2812 | D:4      | Learned a level 4 spell: Summon Lightning Spire
  2815 | D:4      | Found the +7 captain's cutlass {speed, disarm}
  3208 | D:5      | Entered Level 5 of the Dungeon
  3249 | D:5      | Reached skill level 8 in Spellcasting
  3407 | D:5      | Reached skill level 9 in Spellcasting
  3438 | D:5      | Reached * piety under Hepliaklqana
  3581 | D:5      | Reached XP level 8. HP: 36/36 MP: 23/23
  3629 | D:5      | Noticed Eustachio
  3642 | D:5      | Killed Eustachio
  3643 | D:5      | Reached skill level 10 in Spellcasting
  4173 | D:5      | Learned a level 4 spell: Animate Armour
  4480 | D:6      | Reached skill level 11 in Spellcasting
  4531 | D:6      | Reached XP level 9. HP: 40/40 MP: 17/26
  4546 | D:6      | Reached ** piety under Hepliaklqana
  4550 | D:6      | Remembered your ancestor Belessunu as a knight
  5229 | D:7      | Reached skill level 10 in Summonings
  5255 | D:7      | Reached skill level 12 in Spellcasting
  5450 | D:7      | Found a flagged portal.
  5473 | Bailey   | Entered a bailey
  5725 | Bailey   | Reached skill level 13 in Spellcasting
  6085 | Bailey   | Noticed an orc warlord
  6255 | D:7      | Reached skill level 1 in Hexes
  6255 | D:7      | Reached XP level 10. HP: 45/45 MP: 29/29
  6430 | D:7      | Reached skill level 14 in Spellcasting
  6917 | D:8      | Reached *** piety under Hepliaklqana
  7920 | D:8      | Reached skill level 15 in Spellcasting
  8292 | D:8      | Reached skill level 1 in Ranged Weapons
  8309 | D:8      | Got the Quarto of Conjuration and Thunder
  8470 | D:9      | Found a white marble altar of Elyvilon.
  8471 | D:9      | Noticed Maurice
  8503 | D:9      | Killed Maurice
  8683 | D:9      | Reached skill level 1 in Fighting
  8683 | D:9      | Reached XP level 11. HP: 50/50 MP: 29/32
  8693 | D:9      | Noticed Maggie
  8715 | D:9      | Killed Maggie
  9059 | D:9      | Reached skill level 16 in Spellcasting
  9128 | D:9      | Found a staircase to the Lair.
  9412 | Lair:1   | Entered Level 1 of the Lair of Beasts
  9625 | D:2      | Bought the ring "Maesmolu" {Wiz rPois rN+} for 590 gold
                  | pieces
  9853 | Lair:1   | Found a runed translucent door.
  9855 | Lair:1   | Noticed ghwc's ghost (journeyman DsBe)
 10285 | Lair:1   | Reached **** piety under Hepliaklqana
 10911 | Lair:1   | Upgraded the game from 0.30.0-7-g0c4daa9e05 to
                  | 0.30.0-10-gfe55d96785
 11021 | Lair:2   | Learned a level 4 spell: Iskenderun's Mystic Blast
 11030 | Lair:2   | Found the +7 staff of the Meek {protect, meekguard}
 11205 | Lair:2   | Noticed a skyshark
 11240 | Lair:2   | Killed a skyshark
 11241 | Lair:2   | Reached skill level 17 in Spellcasting
 11276 | Lair:2   | Reached skill level 1 in Earth Magic
 11707 | Lair:2   | Reached XP level 12. HP: 25/55 MP: 23/35
 11720 | Lair:2   | Reached skill level 15 in Summonings
 11824 | Lair:2   | Found a staircase to the Shoals.
 11845 | Lair:2   | Learned a level 6 spell: Summon Cactus Giant
 12411 | Lair:3   | Found a staircase to the Snake Pit.
 12499 | Lair:3   | Found a transporter.
 12547 | Lair:3   | Noticed a rakshasa
 12572 | Lair:3   | Reached ***** piety under Hepliaklqana
 12591 | Lair:3   | Noticed Vorhees's ghost (journeyman MiBe)
 12599 | Lair:3   | Noticed Urug
 12615 | Lair:3   | Noticed Josephine
 12619 | Lair:3   | Killed Urug
 12620 | Lair:3   | Reached skill level 18 in Spellcasting
 12623 | Lair:3   | Killed Josephine
 13148 | Lair:3   | You fall into a shaft and drop 2 floors!
 13148 | Lair:5   | Entered Level 5 of the Lair of Beasts
 13148 | Lair:5   | Found a staircase to the Slime Pits.
 13338 | Lair:5   | Reached skill level 5 in Dodging
 13425 | Lair:5   | Reached XP level 13. HP: 59/59 MP: 34/37
 13428 | Lair:5   | Reached skill level 19 in Spellcasting
 14707 | Lair:3   | Found a transporter.
 15813 | D:3      | Bought a book of the Dragon for 460 gold pieces
 16060 | Lair:5   | Identified the +6 rapier "Dragonslayer" {flame, rElec rPois
                  | Str+5 Stlth+}
 16596 | Lair:5   | Reached skill level 20 in Spellcasting
 17337 | D:10     | Entered Level 10 of the Dungeon
 17387 | D:10     | Found a transporter.
 17390 | D:10     | Noticed Ukhluk's ghost (journeyman TrMo)
 18449 | D:11     | Reached XP level 14. HP: 53/63 MP: 36/40
 18551 | D:11     | Learned a level 9 spell: Dragon's Call
 19089 | D:11     | Found a staircase to the Orcish Mines.
 19439 | Orc:1    | Entered Level 1 of the Orcish Mines
 19754 | Orc:1    | Noticed Erica
 19773 | Orc:1    | Killed Erica
 19817 | Orc:1    | Found Efibular's Self-Improvement Boutique.
 19890 | Orc:1    | Reached ****** piety under Hepliaklqana
 20409 | Orc:2    | Entered Level 2 of the Orcish Mines
 20565 | Orc:2    | Found a staircase to the Elven Halls.
 20689 | Orc:2    | Slain by a sixfirhy

Illustrated notes

Levels and vault maps discovered:
D:1:      minmay_arrival_checkered_box, layout_rooms
D:2:      cheibrodos_helix_gallery, layout_rooms, basic_ecumenical_altar,
          serial_shops, shop
D:3:      layout_loops_ring, grunt_temple_overflow_diamond, serial_shops,
          nicolae_shop_trees, nicolae_shop_real_fake_doors,
          roderic_cross_of_infinity, uniq_crazy_yiuf_cottage, uniq_grinder
D:4:      minmay_evil_eye, layout_cave_pools, minmay_temple_entry_overgrown,
          serial_glass, glass_columns_b, glass_columns_c, minmay_misc_feat_alley
D:5:      layout_cave_pods, serial_park, serial_park_square1
          [serial_park_minivault_5x5_2], serial_park_square2,
          serial_park_square3 [serial_park_minivault_5x5_1], serial_park_tiny_1,
          serial_park_fountain, serial_park_tiny_pond, uniq_eustachio
D:6:      layout_cave_pods
D:7:      layout_loops_ring, lightli_bailey_entry_fortress, item_on_display_a
D:8:      layout_cave_pools, hangedman_incinerator
D:9:      layout_rooms, mainiacjoe_overflow_alcove_1, erik_lair_dragon,
          grunt_decor_arrowhead, uniq_maggie, uniq_maurice
D:10:     layout_roguey, gammafunk_ghost_smash, kennysheep_generic_room_8
D:11:     layout_cross, kennysheep_orc_monster_closet_entryway,
          serial_column_ruins, column_ruins_hut_pillars,
          column_ruins_circle_medium, column_ruins_columns_dead_end,
          column_ruins_open_large, column_ruins_grid_1,
          column_ruins_columns_straight
Temple:   mainiacjoe_temple_coin_purse
Lair:1:   layout_cave_pods, ebering_ghost_inner_flame
Lair:2:   layout_regular_city, minmay_shoals_entry_centaurs
Lair:3:   layout_cave_pods, minmay_snake_entry_six_corridors,
          gammafunk_ghost_abyssal_escape, st_stairs_6, uniq_josephine, uniq_urug
Lair:4:   layout_cave_pods, chequers_serial_rivers_small_b
Lair:5:   gammafunk_lair_ancient_temple, layout_cave_pods,
          nicolae_slime_entry_field_trip
Orc:1:    layout_diamond_mine, nicolae_shop_self_help, uniq_erica
Orc:2:    st_orc_congregation, layout_caves, nicolae_shop_gadgets

Skill      XL: |  1  2  3  4  5  6  7  8  9 10 11 12 13 14 |
---------------+-------------------------------------------+-----
Summonings     | 5 6 7 8 9 11 12 14 16 18 19 | 19.2
Spellcasting   | 5 6 7 9 11 13 15 17 18 20 | 20.5
Hexes          | 1 2 |  2.1
Ranged Weapons | 3 4 |  4.3
Fighting       | 1 |  1.9
Earth Magic    | 1 |  1.3
Dodging        | 5 7 |  7.6
Short Blades   | |  0.6
Staves         | |  0.2
Stealth        | |  2.4
Shields        | |  0.1
Conjurations   | |  0.1

Action                     |  1- 3 |  4- 6 |  7- 9 | 10-12 | 13-15 || total
---------------------------+-------+-------+-------+-------+-------++-------
  Melee: Short sword       |     8 |       |       |       |       ||     8
         Punch             |     1 |       |       |       |     1 ||     2
         Quarterstaff      |       |       |     6 |     6 |       ||    12
         Staff             |       |       |       |     3 |     6 ||     9
   Fire: Shortbow          |       |       |       |    32 |       ||    32
  Throw: Boomerang         |       |       |       |     1 |       ||     1
   Cast: Summon Small Mamm |    41 |    12 |    62 |    91 |   185 ||   391
         Call Imp          |     5 |    11 |    29 |    65 |    51 ||   161
         Call Canine Famil |     5 |    11 |    27 |    60 |    56 ||   159
         Summon Lightning  |       |       |    18 |    61 |    42 ||   121
         Summon Guardian G |       |       |     3 |     6 |     2 ||    11
         Animate Armour    |       |       |     3 |    16 |    15 ||    34
         Iskenderun's Myst |       |       |       |     2 |       ||     2
         Summon Cactus Gia |       |       |       |    20 |    55 ||    75
 Invoke: Ancestor Life: Kn |       |       |     1 |       |       ||     1
         Recall Ancestor   |       |       |       |     4 |     6 ||    10
    Use: Scroll            |       |       |     1 |    11 |     9 ||    21
         Potion            |       |       |       |     6 |     1 ||     7
   Stab: Distracted        |       |       |       |     1 |       ||     1
 Armour: Robe              |     2 |       |     3 |     5 |       ||    10
         Steam dragon scal |       |       |       |       |    11 ||    11
         Troll leather arm |       |       |       |       |     2 ||     2
  Dodge: Dodged            |     5 |       |     9 |    44 |    33 ||    91
  Block: Other             |       |     1 |     8 |     6 |       ||    15
         Reflection        |       |     1 |     6 |       |       ||     7
